 Dungeon Crawl Stone Soup version 0.28-a0-1365-g7e0445c96d (webtiles) character file.

Game seed: 5488156285036053449

49 Conn the Firebug (level 3, -7/21 HPs)
             Began as an Octopode Fire Elementalist on Dec 31, 2021.
             Killed by divine providence
             ... invoked by an orc priest
              (13 damage)
             ... on level 3 of the Dungeon.
             The game lasted 00:03:16 (2183 turns).

Conn the Firebug (Octopode Fire Elementalist)       Turns: 2183, Time: 00:03:17

Health: -7/21      AC:  1    Str:  7    XL:     3   Next: 77%
Magic:  0/6        EV: 13    Int: 19    God:
Gold:   66         SH:  0    Dex: 12    Spells: 2/6 levels left

rFire   . . .      SeeInvis .   g - +3 short sword (elec)
rCold   . . .      Faith    .   (no shield)
rNeg    . . .      Spirit   .   (helmet restricted)
rPois   .          Reflect  .   (no amulet)
rElec   .          Harm     .   (no ring)
rCorr   .          Rampage  .   (no ring)
Will    .....                   (no ring)
Stlth   +++.......              (no ring)
HPRegen 0.07/turn               (no ring)
MPRegen 0.10/turn               (no ring)
                                (no ring)
                                (no ring)

@: very slightly contaminated
A: almost no armour, amphibious, 8 rings, camouflage 1, gelatinous body 1,
(nimble swimmer 1), tentacles
a: no special abilities


You were on level 3 of the Dungeon.
You visited 1 branch of the dungeon, and saw 3 of its levels.

You collected 66 gold pieces.

Inventory:

Hand Weapons
 c - a +0 dagger
 g - a +3 short sword of electrocution (weapon)
Scrolls
 d - a scroll of teleportation {unknown}
 f - 2 scrolls of identify {unknown}
Potions
 a - 2 potions of curing {unknown}
 b - a potion of degeneration {unknown}
 e - 2 potions of might {unknown}
 h - 2 potions of magic {unknown}
 i - a potion of ambrosia {unknown}
 j - a potion of heal wounds {unknown}


   Skills:
 + Level 0.1 Short Blades
 + Level 2.2 Dodging
 + Level 3.0 Stealth
 + Level 2.3 Spellcasting
 + Level 1.3 Conjurations
 + Level 3.9 Fire Magic


You had 2 spell levels left.
You knew the following spells:

 Your Spells              Type           Power      Damage    Failure   Level
a - Foxfire               Conj/Fire      48%        2x1d6     5%          1
b - Conjure Flame         Conj/Fire      12%        6-21      17%         3

Your spell library contained the following spells:

 Spells                   Type           Power      Damage    Failure   Level
 Scorch                   Fire           34%        2d6       4%          2
 Ensorcelled Hibernation  Hex/Ice        4%         N/A       26%         2
 Inner Flame              Hex/Fire       9%         N/A       22%         3
 Tukima's Dance           Hex            2%         N/A       45%         3
 Flame Wave               Conj/Fire      12%        2d5       50%         4
 Enfeeble                 Hex            1%         N/A       100%        7


Dungeon Overview and Level Annotations

Branches:
Dungeon (3/15)

Altars:

Shops:
D:1 *=[


Innate Abilities, Weirdness & Mutations

You cannot wear most types of armour.
You are amphibious.
You can wear up to eight rings at the same time.
Your skin changes colour to match your surroundings (Stealth+).
Your rubbery body absorbs attacks. (AC +1, EV +1)
((You are camouflaged when in or above water. (Stealth+)))
You have tentacles for arms and can constrict up to eight enemies at once.


Message History

Unknown command.
Casting: Foxfire (safe; 5% risk of failure)
Confirm with . or Enter, or press ? or * to list all spells.
You conjure some foxfire!
The foxfire hits the orc.
You kill the orc!
The foxfire hits the orc.
The orc is moderately wounded.
Unknown command.
Casting: Foxfire (safe; 5% risk of failure)
Confirm with . or Enter, or press ? or * to list all spells.
You conjure some foxfire!
The foxfire hits the orc.
The orc is severely wounded.
The foxfire hits the orc.
You kill the orc!
Unknown command.
Casting: Foxfire (safe; 5% risk of failure)
Confirm with . or Enter, or press ? or * to list all spells.
You conjure some foxfire!
The foxfire hits the orc.
The orc is lightly wounded.
The foxfire hits the orc.
The orc is severely wounded.
Unknown command.
Casting: Foxfire (safe; 5% risk of failure)
Confirm with . or Enter, or press ? or * to list all spells.
You don't have enough magic to cast this spell.
Unknown command.
The foxfire hits the orc but does no damage.
The orc is severely wounded.
The foxfire hits the orc.
You kill the orc!
An orc comes into view. It is wielding a +0 mace.
The orc priest mumbles some strange prayers to Beogh against you.
Beogh smites you!
Ouch! That really hurt!
* * * LOW HITPOINT WARNING * * *
Okay, then.
The orc priest invokes the aid of Beogh against you.
Beogh smites you!
Ouch! That really hurt!
You die...

.....#.##.##.#
...###.......#### ####
####.......# # #.#####.#
# ##.#####.#
########.....##.# .
#.....##.....##.######...
#.....##.....##.#........
#...............@o.)o..o.
#.....##.##...###§..)....
#.....##.##....#######...
.#######...<..## . .#
######.# .# #.# .######
#.# ...†..#######.#
.####.........#


You could see an orc priest and 2 orcs.

Vanquished Creatures
  2 worms (D:2)
  3 orcs (D:3)
  3 ball pythons
  3 bats
  2 endoplasms
  6 goblins
  6 hobgoblins
  6 kobolds
  A quokka (D:1)
  2 frilled lizards
  A rat (D:3)
35 creatures vanquished.

Vanquished Creatures (others)
  78 foxfires
  A plant (D:1)
79 creatures vanquished.

Grand Total: 114 creatures vanquished

Notes
Turn   | Place    | Note
-------+----------+-------------------------------------------
     0 | D:1      | Conn the Octopode Fire Elementalist began the quest for the
                  | Orb.
     0 | D:1      | Reached XP level 1. HP: 11/11 MP: 3/3
   173 | D:1      | Found Xifitici's Jewellery Shop.
   393 | D:1      | Reached XP level 2. HP: 17/17 MP: 1/5
   523 | D:1      | Found Jocuar's Antique Armour Boutique.
   952 | D:1      | Reached XP level 3. HP: 21/21 MP: 2/6
  1041 | D:1      | Found Soupo's Distillery.
  1043 | D:1      | Found Zeskuzel's Assorted Antiques.
  1350 | D:2      | Learned a level 3 spell: Conjure Flame
  2183 | D:3      | Killed from afar by an orc priest

Illustrated notes

Levels and vault maps discovered:
D:1:      dpeg_arrival_houses_and_road, layout_basic, serial_shops,
          shop_fountains, nicolae_shop_trees, shop,
          nicolae_shop_overgrown_old_shop,
          nicolae_concentric_dashed_squares_wild, minmay_tetromino_i4
D:2:      layout_basic, corexii_corridor_pit
D:3:      layout_loops_cross, nicolae_ecumenical_oubliette, uniq_grinder

Skill      XL: |  1  2  3 |
---------------+----------+-----
Stealth        | 3 |  3.0
Short Blades   | |  0.1
Dodging        | |  2.2
Spellcasting   | |  2.3
Conjurations   | |  1.3
Fire Magic     | |  3.9

Action                   || total
-------------------------++-------
Melee: Dagger            ||    17
       Constrict         ||     7
       Tentacles         ||     2
       Short sword       ||    12
 Cast: Foxfire           ||    46
 Stab: Sleeping          ||     5
Armor: Skin              ||     2
Dodge: Dodged            ||    12

Table legend: (Time is in decaauts)
 A = Elapsed time spent in this place.
 B = Non-inter-level travel time spent in this place.
 C = Inter-level travel time spent in this place.
 D = Time resting spent in this place.
 E = Time spent auto-exploring this place.
 F = Levels seen in this place.
 G = Mean time per level.
                   A        B        C        D        E       F      G
               +--------+--------+--------+--------+--------+-----+--------+
         Total |   2182 |   2132 |     50 |      0 |   1730 |   3 |  727.3 |
       Dungeon |   2182 |   2132 |     50 |      0 |   1730 |   3 |  727.3 |
               +--------+--------+--------+--------+--------+-----+--------+

Top non-repeatable levels by time:
     D:1: 1206 daAuts
     D:2: 862 daAuts
     D:3: 113 daAuts
